 Dungeon Crawl Stone Soup version 0.27-a0-808-g60bc5d92e6 (webtiles) character file.

Game seed: 8726918401808468352

1989 funkygono the Thaumaturge (level 9, 0/58 HPs)
             Began as a Djinni Fire Elementalist on Mar 27, 2021.
             Was an Initiate of Yredelemnul.
             Slain by Maggie
             ... wielding a +0 halberd of draining
              (16 damage)
             ... on level 6 of the Dungeon on Mar 28, 2021.
             The game lasted 00:14:20 (4958 turns).

funkygono the Thaumaturge (DjFE)                    Turns: 4958, Time: 00:14:21

Health: 0/58       AC:  5    Str:  7    XL:     9   Next: 21%
Gold:   119        EV: 14    Int: 20    God:    Yredelemnul [......] SH:  0 Dex: 14

rFire    + + .     SeeInvis .   q - +3 quarterstaff (chaos)
rCold    x . .     Faith    .   (shield currently unavailable)
rNeg     . . .     Spirit   .   a - +0 robe
rPois    ∞         Reflect  .   w - +0 helmet
rElec    .         Harm     .   g - +1 cloak
rCorr    .         Rampage  .   (no gloves)
Will     .....                  (boots unavailable)
Stlth    ++........             h - amulet of regeneration
HPRegen  1.19/turn              s - ring of Bufu {+Inv +Fly}
MPRegen  0.00/turn              (no ring)

@: flying, mesmerised
A: fire resistance 2, cold vulnerability 1, float, innate caster, hp casting,
extra vitality 1
a: Renounce Religion, Evoke Invisibility


You were on level 6 of the Dungeon.
You worshipped Yredelemnul.
Yredelemnul was noncommittal.
You visited 2 branches of the dungeon, and saw 7 of its levels.
You also visited: Ossuary.

You collected 119 gold pieces.

Inventory:

Hand Weapons
 i - a +0 short sword of freezing
 q - a +3 quarterstaff of chaos (weapon)
Armour
 a - a +0 robe (worn)
 g - a +1 cloak (worn)
 u - a +0 tower shield
 w - a +0 helmet (worn)
Jewellery
 h - an amulet of regeneration (around neck)
 s - the ring of Bufu (left hand) {+Inv +Fly}
   (You found it on level 5 of the Dungeon)

   [ring of flight]

   It lets you turn invisible.
   It lets you fly.
Wands
 o - a wand of digging (6)
 y - a wand of polymorph (8)
Scrolls
 c - a scroll of silence
 k - 3 scrolls of teleportation
 t - 2 scrolls of fog
Potions
 b - 3 potions of resistance
 d - a potion of magic {unknown}
 e - 3 potions of attraction
 f - a potion of invisibility {unknown}
 j - 2 potions of curing
 m - 3 potions of lignification
 n - 2 potions of mutation
 p - 2 potions of haste
 r - a potion of berserk rage {unknown}
 v - a potion of heal wounds {unknown}
 x - a potion of ambrosia {unknown}


   Skills:
 + Level 2.0 Fighting
 * Level 5.1 Dodging
 - Level 1.5 Stealth
 * Level 9.4 Spellcasting


You had one spell level left.
You knew the following spells:

 Your Spells              Type           Power      Damage    Failure   Level
a - Foxfire               Conj/Fire      100%       2x1d9     1%          1
b - Conjure Flame         Conj/Fire      47%        6-21      1%          3
c - Inner Flame           Hex/Fire       47%        N/A       1%          3
d - Sticky Flame          Conj/Fire      47%        2d6       1%          4
e - Fireball              Conj/Fire      23%        3d11      4%          5
f - Corona                Hex            52%        N/A       1%          1
g - Ensorcelled Hibernat  Hex/Ice        94%        N/A       1%          2
h - Summon Guardian Gole  Hex/Summ       47%        N/A       1%          3
i - Vampiric Draining     Necr           23%        2d9       1%          3
Your spell library was empty.

Dungeon Overview and Level Annotations

Branches:
Dungeon (6/15)             Temple (1/1) D:4         Ossuary (visited)

Altars:
Ashenzari
Cheibriados
Dithmenos
Elyvilon
Fedhas
Gozag
Hepliaklqana
Kikubaaqudgha
Makhleb
Nemelex Xobeh
Okawaru
Qazlal
Ru
Sif Muna
Trog
Uskayaw
Vehumet
Wu Jian
Xom
Yredelemnul
The Shining One

Annotations:
D:6 Maggie


Innate Abilities, Weirdness & Mutations

You are immune to poison.
Your flesh is very heat resistant. (rF++)
You are vulnerable to cold. (rC-)
You float through the air rather than walking.
You learn spells naturally, not from books.
Your magical power is your life essence.
You have superior vitality. (+4 HP)


Message History

The gnoll shaman is heavily wounded.
The necrophage closely misses you. Maggie barely misses you.
The gnoll hits you with a +0 club.
You cannot move away from Maggie!
You cannot move away from Maggie!
Unknown command.
You cannot move away from Maggie!
You cannot move away from Maggie!
Unknown command.
Casting: Sticky Flame (dangerous; 1% risk of failure)
Confirm with . or Enter, or press ? or * to list all spells.
Aiming: Sticky Flame (dangerous; 1% risk of failure)
Press: ? - help, Shift-Dir - straight line, f - necrophage, p - gnoll
Aim: a necrophage (moderately damaged, 0% to evade)
The sticky flame hits the necrophage.
The necrophage is heavily damaged.
The necrophage is covered in liquid flames!
The gnoll burns!
The necrophage burns!
Maggie closely misses you.
The necrophage hits you but does no damage.
The gnoll shaman barely misses you. The gnoll hits you with a +0 club.
The gnoll burns!
You kill the gnoll!
Yredelemnul accepts your kill.
The necrophage burns!
Maggie hits you from afar with a +0 halberd of draining!
The necrophage closely misses you.
The necrophage burns!
Maggie closely misses you.
Casting: Sticky Flame (dangerous; 1% risk of failure)
Confirm with . or Enter, or press ? or * to list all spells.
Aiming: Sticky Flame (dangerous; 1% risk of failure)
Press: ? - help, Shift-Dir - straight line, f - Maggie, p - necrophage
Aim: Maggie, wielding a +0 halberd of draining and wearing +0 swamp dragon scales (moderately wounded, mesmerising, 0% to evade)
The sticky flame hits Maggie.
Maggie is heavily wounded.
Maggie is covered in liquid flames!
Maggie burns!
The necrophage burns!
The necrophage stops burning.
The necrophage hits you.
* * * LOW HITPOINT WARNING * * *
Maggie hits you with a +0 halberd of draining!
You die...
Your body rises from the dead as a mindless zombie.

g....# ..).#
##...# #....#
#....# #..).##
#.....# #.@...#
#@n..## #.g..#
####....#
##..##...#####
#.............
#...<.........
##..####+###..#
#...###..# .#
########.........
.


You could see Maggie (mesmerising, burning), a necrophage and a gnoll shaman.

Vanquished Creatures
  Grinder (D:3)
  A water moccasin (D:4)
  An ice beast (D:5)
  A centaur (D:5)
  2 ogres
  6 elf zombies (Ossuary)
  A bullfrog (D:6)
  2 scorpions
  A water moccasin skeleton (D:4)
  5 centaur zombies
  A jelly (D:5)
  A gnoll shaman (D:5)
  A hound (D:6)
  2 human zombies (Ossuary)
  An orc priest (D:4)
  Crazy Yiuf (D:3)
  Jessica (D:3)
  A centaur skeleton (D:5)
  2 iguanas (D:5)
  A hound skeleton (D:4)
  3 mummies (Ossuary)
  2 adders
  10 gnolls
  An adder skeleton (D:4)
  A worm (D:4)
  4 dart slugs
  4 orcs (D:4)
  7 ball pythons
  6 bats
  8 endoplasms
  4 giant cockroaches
  8 goblins
  3 hobgoblins
  2 jackals (D:4)
  4 quokkas
  2 frilled lizards (D:1)
  7 kobolds
  7 rats
116 creatures vanquished.

Vanquished Creatures (others)
  511 foxfires
  2 fungi (D:3)
513 creatures vanquished.

Grand Total: 629 creatures vanquished

Notes
Turn   | Place    | Note
-------+----------+-------------------------------------------
     0 | D:1      | funkygono the Djinni Fire Elementalist began the quest for
                  | the Orb.
     0 | D:1      | Reached XP level 1. HP: 15/15 MP: 0/0
   115 | D:1      | Reached skill level 3 in Spellcasting
   115 | D:1      | Reached XP level 2. HP: 9/21 MP: 0/0
   943 | D:1      | Reached XP level 3. HP: 2/25 MP: 0/0
   943 | D:1      | Learned a level 1 spell: Corona
  1662 | D:2      | Found a snail-covered altar of Cheibriados.
  1746 | D:2      | Reached skill level 4 in Spellcasting
  1831 | D:2      | Reached XP level 4. HP: 29/31 MP: 0/0
  2299 | D:3      | Noticed Jessica
  2302 | D:3      | Killed Jessica
  2303 | D:3      | Reached XP level 5. HP: 35/35 MP: 0/0
  2303 | D:3      | Learned a level 2 spell: Ensorcelled Hibernation
  2320 | D:3      | Noticed Grinder
  2333 | D:3      | Killed Grinder
  2334 | D:3      | Reached skill level 5 in Spellcasting
  2334 | D:3      | Reached XP level 6. HP: 15/40 MP: 0/0
  2669 | D:3      | Found a runed translucent door.
  2670 | D:3      | Noticed Crazy Yiuf
  2690 | D:3      | Killed Crazy Yiuf
  2930 | D:4      | Found a staircase to the Ecumenical Temple.
  2981 | D:4      | Reached skill level 6 in Spellcasting
  3001 | D:4      | Found a hide-covered altar of Uskayaw.
  3049 | D:4      | Found a sand-covered staircase.
  3057 | Ossuary  | Entered an ossuary
  3072 | Ossuary  | Reached XP level 7. HP: 38/45 MP: 0/0
  3072 | Ossuary  | Learned a level 3 spell: Summon Guardian Golem
  3247 | Ossuary  | Reached skill level 7 in Spellcasting
  3268 | Ossuary  | Reached XP level 8. HP: 51/51 MP: 0/0
  3290 | Ossuary  | Reached skill level 1 in Fighting
  3425 | D:4      | Found an iron altar of Okawaru.
  3459 | D:4      | Reached skill level 8 in Spellcasting
  3613 | Temple   | Entered the Ecumenical Temple
  3691 | Temple   | Became a worshipper of Yredelemnul the Dark
  3794 | D:5      | Entered Level 5 of the Dungeon
  4022 | D:5      | Reached skill level 9 in Spellcasting
  4022 | D:5      | Reached XP level 9. HP: 58/58 MP: 0/0
  4022 | D:5      | Learned a level 3 spell: Vampiric Draining
  4096 | D:5      | Found a burning altar of Makhleb.
  4171 | D:5      | Identified the ring of Bufu {+Inv +Fly}
  4194 | D:5      | Reached skill level 5 in Dodging
  4589 | D:5      | Upgraded the game from 0.27-a0-797-g27d10ad80f to
                  | 0.27-a0-808-g60bc5d92e6
  4938 | D:6      | Noticed Maggie
  4958 | D:6      | Slain by Maggie

Illustrated notes

Levels and vault maps discovered:
D:1:      co_arrival_random_square_maze, layout_rooms
D:2:      layout_basic, cheibriados_altar_1
D:3:      layout_rooms, nicolae_kikubaaqudgha_miasma_corner, nrook_campfire,
          uniq_crazy_yiuf_cottage, uniq_jessica, uniq_grinder
D:4:      layout_rooms, nicolae_overflow_crystal_walls,
          minmay_temple_entry_large_hall, chequers_ossuary_entry_cave,
          okawaru_trees_1
D:5:      layout_loops_corners, kennysheep_mini
D:6:      layout_gridville, basic_altar, st_stairs_8, uniq_eustachio,
          uniq_maggie, uniq_sigmund, uniq_blork_the_orc
Temple:   compressed_dpeg_circular_temple

Skill      XL: |  1  2  3  4  5  6  7  8  9 |
---------------+----------------------------+-----
Spellcasting   | 3 4 5 6 7 9 |  9.4
Dodging        | 3 4 5 |  5.1
Fighting       | 1 2 |  2.0
Stealth        | |  1.5

Action                   |  1- 3 |  4- 6 |  7- 9 || total
-------------------------+-------+-------+-------++-------
Melee: Short sword       |       |     2 |       ||     2
       Quarterstaff      |       |       |     1 ||     1
 Cast: Foxfire           |    57 |    82 |   166 ||   305
       Corona            |     2 |       |     1 ||     3
       Sticky Flame      |       |       |    13 ||    13
       Conjure Flame     |       |       |     3 ||     3
       Inner Flame       |       |       |     3 ||     3
       Fireball          |       |       |     2 ||     2
  Use: Scroll            |     5 |     3 |     8 ||    16
Armor: Robe              |     3 |     4 |    20 ||    27
Dodge: Dodged            |    10 |    16 |    83 ||   109

Table legend: (Time is in decaauts)
 A = Elapsed time spent in this place.
 B = Non-inter-level travel time spent in this place.
 C = Inter-level travel time spent in this place.
 D = Time resting spent in this place.
 E = Time spent auto-exploring this place.
 F = Levels seen in this place.
 G = Mean time per level.
                   A        B        C        D        E       F      G
               +--------+--------+--------+--------+--------+-----+--------+
         Total |   4958 |   4687 |    271 |     21 |   3635 |   8 |  619.8 |
       Dungeon |   4556 |   4295 |    261 |     21 |   3498 |   6 |  759.3 |
        Temple |     87 |     78 |      9 |      0 |      1 |   1 |   87.0 |
       Ossuary |    313 |    313 |      0 |      0 |    136 |   1 |  313.0 |
               +--------+--------+--------+--------+--------+-----+--------+

Top non-repeatable levels by time:
     D:1: 1540 daAuts
     D:5: 1047 daAuts
     D:2: 725 daAuts
     D:3: 616 daAuts
     D:4: 549 daAuts
 Ossuary: 313 daAuts
  Temple: 87 daAuts
     D:6: 77 daAuts
